 Dungeon Crawl Stone Soup version 0.31-a0-1612-g4aaf141004 (webtiles) character file.

Game seed: 12360816634036528257

220463 senseless the Impaler (level 18, -5/144 (147) HPs)
             Began as a Demonspawn Berserker on Jan 9, 2024.
             Was a High Priest of Trog.
             Killed from afar by a deep elf zephyrmancer (9 damage)
             ... with a bolt of lightning
             ... on level 1 of the Elven Halls.
             The game lasted 01:48:16 (29510 turns).

senseless the Impaler (Demonspawn Berserker)       Turns: 29510, Time: 01:48:18

HP:   -5/144 (147)  AC: 37    Str: 24    XL:     18   Next: 4%
MP:   18/18         EV: 19    Int: 10    God:    Trog [*****.]
Gold: 3064          SH: 11    Dex: 19    Spells: 17/17 levels left

rFire   + . .        u - +4 bardiche (protect)
rCold   . . .        (shield currently unavailable)
rNeg    + . .        K - +7 plate armour {rF+}
rPois   +            (helmet unavailable)
rElec   .            C - +2 ratskin cloak {*Rats rPois rN+ Str-1 Int-1 Dex+1}
rCorr   .            k - +0 pair of gloves
SInv    +            L - +1 pair of boots of Negation {Will+}
Will    ++++.        U - amulet of reflection Stlth
                     e - +5 ring of evasion
HPRegen 1.44/turn    I - ring of the Burgomaster {Fly Int+2 Dex+6 SInv}
MPRegen 0.16/turn

%: reflection
@: on fire, strong-willed, under a protective aura, flying, regenerating,
glowing, lightly drained
A: horns 3, large bone plates 2, powered by death 2, powered by pain 1, no
potion heal 1
}: 2/15 runes: decaying, gossamer
a: Renounce Religion, Berserk, Trog's Hand, Brothers in Arms


You were on level 1 of the Elven Halls.
You worshipped Trog.
Trog was extremely pleased with you.
You visited 6 branches of the dungeon, and saw 29 of its levels.
You also visited: Bailey and Volcano.

You collected 3336 gold pieces.
You spent 272 gold pieces at shops.

Inventory:

Hand Weapons
 p - the +11 spear of Lurrit {drain, rF+++}
   (You found it on level 3 of the Dungeon)

   rF+++:     It renders you almost immune to fire.
 u - a +4 bardiche of protection (weapon)
 W - a +5 antimagic spear
Missiles
 a - a throwing net
Armour
 i - the scarf of the Stars {repulsion, rPois rN++ Str-2 Stlth+}
   (You acquired it on level 9 of the Dungeon)

   Str-2:     It affects your strength (-2).
   rPois:     It protects you from poison rN++: It greatly protects you from
   negative energy.
   Stlth+:    It makes you more stealthy.
 k - a +0 pair of gloves (worn)
 C - the +2 ratskin cloak (worn) {*Rats rPois rN+ Str-1 Int-1 Dex+1}
   (You found it on level 3 of the Spider Nest)

   *Rats:     When the wearer is hurt, rats may emerge from it to assist them.
   Str-1:     It affects your strength (-1).
   Int-1:     It affects your intelligence (-1).
   Dex+1:     It affects your dexterity (+1).
   rPois:     It protects you from poison rN+: It protects you from negative
   energy.
 K - a +7 plate armour of fire resistance (worn)
 L - the +1 pair of boots of Negation (worn) {Will+}
   (You found it on level 2 of the Lair of Beasts)

   Will+:     It increases your willpower.
 R - a +1 tower shield
Jewellery
 e - a +5 ring of evasion (left hand)
 g - a ring of positive energy
 o - a +6 ring of dexterity
 q - an amulet of the acrobat
 x - a +5 ring of evasion
 A - a ring of resist corrosion
 D - a +6 ring of strength
 I - the ring of the Burgomaster (right hand) {Fly Int+2 Dex+6 SInv}
   (You found it on level 8 of the Dungeon)

   [ring of dexterity]

   Int+2:     It affects your intelligence (+2).
   Dex+6:     It affects your dexterity (+6).
   SInv:      It lets you see invisible.
   Fly:       It grants you flight.
 J - a ring of ice
 O - an amulet of guardian spirit
 U - an amulet of reflection (around neck)
Wands
 d - a wand of iceblast (40)
 m - a wand of charming (36)
 w - a wand of light (7)
 P - a wand of mindburst (3)
 V - a wand of digging (14)
 X - a wand of polymorph (15)
Scrolls
 f - 10 scrolls of fog
 h - 3 scrolls of silence
 s - 8 scrolls of fear
 t - 2 scrolls of blinking
 v - 12 scrolls of teleportation
 E - 4 scrolls of poison
 H - 4 scrolls of summoning
 M - 3 scrolls of revelation
 Q - a scroll of brand weapon
Potions
 b - 10 potions of ambrosia
 c - 3 potions of haste
 j - 4 potions of enlightenment
 l - a potion of invisibility
 n - 3 potions of cancellation
 y - a potion of lignification
 B - 3 potions of curing
 F - 4 potions of heal wounds
 N - 3 potions of resistance
 S - 3 potions of mutation
 T - 3 potions of berserk rage
 Y - 4 potions of might


   Skills:
 * Level 14.6 Fighting
 - Level 3.1 Maces & Flails
 + Level 18.0 Polearms
 + Level 12.6 Armour
 + Level 12.4 Dodging
 - Level 12.8 Shields


You had 17 spell levels left.
You didn't know any spells.
Your spell library contained the following spells:

 Spells                   Type           Power      Damage    Failure   Level
 Magic Dart               Conj           0%         1d3       98%         1
 Blink                    Tloc           0%         N/A       99%         2
 Call Imp                 Summ           0%         N/A       99%         2
 Static Discharge         Conj/Air       0%         3-3/arc   99%         2
 Call Canine Familiar     Summ           0%         N/A       100%        3
 Sigil of Binding         Hex            0%         N/A       100%        3
 Tukima's Dance           Hex            0%         N/A       100%        3
 Volatile Blastmotes      Fire/Tloc      0%         2d10      100%        3
 Airstrike                Air            0%         2d(0-16)  100%        4
 Animate Armour           Summ/Erth      0%         N/A       100%        4
 Cause Fear               Hex            0%         N/A       100%        4
 Dimensional Bullseye     Hex/Tloc       0%         N/A       100%        4
 Fulminant Prism          Conj/Alch      0%         3d5       100%        4
 Ignite Poison            Fire/Alch      0%         N/A       100%        4
 Iskenderun's Mystic Bla  Conj/Tloc      0%         2d3       100%        4
 Manifold Assault         Tloc           0%         N/A       100%        4
 Passage of Golubria      Tloc           0%         N/A       100%        4
 Sticky Flame             Fire/Alch      0%         2d4       100%        4
 Summon Lightning Spire   Summ/Air       0%         N/A       100%        4
 Fireball                 Conj/Fire      0%         3d3       100%        5
 Lee's Rapid Deconstruct  Erth           0%         3d4*      100%        5
 Summon Forest            Summ/Tloc      0%         N/A       100%        5
 Summon Mana Viper        Hex/Summ       0%         N/A       100%        5
 Yara's Violent Unravell  Hex/Alch       0%         3d3       100%        5
 Conjure Ball Lightning   Conj/Air       0%         3x3d6     100%        6
 Dispersal                Tloc           0%         N/A       100%        6
 Summon Cactus Giant      Summ           0%         N/A       100%        6
 Discord                  Hex            0%         N/A       100%        8
 Disjunction              Tloc           0%         N/A       100%        8
 Ignition                 Fire           0%         3d3       100%        8
 Dragon's Call            Summ           0%         N/A       100%        9


Dungeon Overview and Level Annotations

Branches:
Dungeon (13/15)            Temple (0/1) D:6            Lair (5/5) D:11
  Swamp (4/4) Lair:3       Spider (4/4) Lair:3        Slime (0/5) Lair:5
    Orc (2/2) D:11            Elf (1/3) Orc:2        Bailey (visited)
Volcano (visited)
 Vaults: D:13-14

Altars:
Dithmenos
Hepliaklqana
Okawaru
Sif Muna
Vehumet
Xom
Yredelemnul

Shops:
D:6 :   Orc:1 (   Orc:2 ((?

Annotations:
D:8 3 runed translucent doors


Innate Abilities, Weirdness & Mutations

You have a pair of large horns on your head.
You are mostly covered in large bone plates. (SH +6)
You regenerate health from kills.
You sometimes gain a little power by taking damage.
Potions are less effective at restoring your health.


Message History

The deep elf zephyrmancer mumbles some strange words.
The deep elf zephyrmancer blinks!
You hit the ghostly deep elf death mage.
Your headbutt misses the ghostly deep elf death mage.
The ghostly deep elf death mage is severely damaged.
The liquid fire burns you!
The ghostly deep elf death mage casts a spell at you.
The bolt of negative energy hits you! You partially resist.
You feel drained. You block the fire elemental's attack.
The fire elemental barely misses you.
The deep elf zephyrmancer casts a spell.
The deep elf zephyrmancer blinks!
You barely miss the ghostly deep elf death mage.
You headbutt the ghostly deep elf death mage!
The ghostly deep elf death mage is severely damaged.
The liquid fire burns you!
The ghostly deep elf death mage draws life force from you!
* * * LOW HITPOINT WARNING * * *
The ghostly deep elf death mage is healed by the life force!
You block the fire elemental's attack. The fire elemental hits you.
Your skin crawls.
You feel strong-willed. The liquid fire burns you!
* * * LOW HITPOINT WARNING * * *
You block the fire elemental's attack.
The ghostly deep elf death mage misses you.
The fire elemental barely misses you. x2
Your troll goes berserk!
The liquid fire burns you!
* * * LOW HITPOINT WARNING * * *
The lost soul fades away!
The fire elemental misses you.
The ghostly deep elf death mage draws life force from you!!
* * * LOW HITPOINT WARNING * * *
The ghostly deep elf death mage is healed by the life force!
The fire elemental hits you. You block the fire elemental's attack.
The deep elf zephyrmancer mumbles some strange words.
The deep elf zephyrmancer blinks!
The deep elf zephyrmancer casts a spell at you.
The bolt of lightning hits the fire elemental!
The fire elemental resists.
The bolt of lightning hits you!
You die...

#..⌠..# #.$e..#
##.....##
.########'#######
......#.....#....
#.....#*....#....
#..⌠..'.T...+..⌠.
#.....#eEE..#....
......#.e@..#...!
.########'#######
##e....## #.....#
#..⌠..# #...§.#
#.....# ....)..


You could see a ghostly deep elf death mage, a deep elf pyromancer, 2 deep elf
zephyrmancers, 2 fire elementals, a lost soul (summoned) and a friendly troll
(summoned, berserk).

Vanquished Creatures
  Bai Suzhen (Spider:3)
  Jorgrun (Swamp:2)
  Mlioglotl (Spider:2)
  3 fenstrider witches
  Roxanne (Spider:3)
  The ghost of totrandom the Fighter, a journeyman OnGl of Okawaru (Orc:1)
  6 emperor scorpions
  2 ghost moths
  4 eleionomae
  A bunyip (Swamp:3)
  8 spark wasps
  7 entropy weavers
  A fire dragon (Lair:5)
  19 hydras
  Harold (Orc:1)
  Fannar (Lair:2)
  5 ogre magi
  Erolcha (D:11)
  Erica (D:9)
  10 boulder beetles
  10 alligators
  A jorogumo (Spider:3)
  2 radroaches
  11 two-headed ogres
  4 death yaks (Lair:1)
  15 demonic crawlers
  A hell knight (Volcano)
  5 orc high priests (Orc:2)
  A skyshark (Lair:4)
  Sonja (Orc:2)
  8 pharaoh ants
  5 goliath frogs
  7 orb spiders
  9 swamp dragons
  3 skeletal warriors
  6 spriggan druids
  An obsidian statue (Lair:1)
  5 lindwurms
  5 bog bodies
  9 steelbarb worms
  2 orc knights
  An orc sorcerer (Orc:1)
  18 wolf spiders
  10 will-o-the-wisps
  5 elephants (Lair:5)
  3 moths of wrath
  A cyclops (D:12)
  10 black mambas
  A kobold blastminer (Orc:1)
  7 meliai
  A gargoyle (D:12)
  3 cane toads
  6 torpor snails
  4 molten gargoyles
  Jeremiah (D:9)
  An unseen horror (D:12)
  6 komodo dragons
  3 kobold demonologists
  3 rime drakes
  6 trolls
  A polar bear (Lair:4)
  A bloated husk (Swamp:3)
  19 hornets
  11 tyrant leeches
  30 tarantellas
  3 blink frogs (Lair:3)
  4 dream sheep (Lair:4)
  26 jumping spiders
  2 shadows
  14 spriggans
  21 culicivoras
  4 slime creatures (D:12)
  A wraith (D:11)
  2 vampires
  8 wyverns
  3 yaks (Lair:4)
  2 fire bats (Volcano)
  Grum (D:11)
  5 basilisks
  3 steam dragons
  62 redbacks
  8 wargs
  11 vampire mosquitoes (D:12)
  2 acid dragons
  15 swamp worms
  11 water moccasins
  4 hell hounds (Lair:5)
  4 swamp drakes
  A sky beast (D:7)
  20 orc warriors
  12 ogres
  4 black bears
  15 wolves
  4 centaurs
  A kobold brigand (D:7)
  A spectral warg (Orc:1)
  13 bullfrogs
  A gnoll sergeant (D:9)
  29 scorpions (Spider:2)
  14 wights
  15 killer bees
  A spectral ogre (Orc:1)
  6 electric eels
  A howler monkey (D:9)
  14 lava snakes
  2 bombardier beetles
  A gnoll bouda (D:5)
  20 orc priests
  3 sleepcaps
  4 iguanas
  19 orc wizards
  3 spectral orcs (Orc:1)
  17 gnolls
  An ogre simulacrum (Orc:1)
  3 adders
  2 shadow imps (D:6)
  5 white imps (D:6)
  An orc simulacrum (Orc:1)
  A dart slug (D:2)
  A ribbon worm (D:3)
  101 orcs
  5 ball pythons
  6 endoplasms
  A giant cockroach (D:1)
  6 goblins
  7 hobgoblins
  9 jackals
  19 kobolds
  6 quokkas
  6 bats
  7 frilled lizards
  3 rats
  A spectral hobgoblin (D:7)
966 creatures vanquished.

Vanquished Creatures (collateral kills)
  2 demonic crawlers
  A pharaoh ant (Spider:3)
  An orc knight (Bailey)
  3 wolf spiders (Spider:2)
  3 tarantellas (Spider:2)
  A culicivora (Spider:2)
  A jumping spider (Spider:3)
  A redback (Spider:3)
  An orc warrior (Bailey)
  2 ogres (Orc:2)
  3 orcs
19 creatures vanquished.

Vanquished Creatures (others)
  4 bloated husks
  A culicivora (Spider:4)
  2 swamp worms
  A spectral ogre (Orc:1)
  An orc (Orc:2)
  44 foxfires
53 creatures vanquished.

Grand Total: 1038 creatures vanquished

Notes
Turn   | Place    | Note
-------+----------+-------------------------------------------
     0 | D:1      | senseless the Demonspawn Berserker began the quest for the
                  | Orb.
     0 | D:1      | Reached XP level 1. HP: 18/18 MP: 1/1
   314 | D:1      | Gained mutation: You are partially covered in large bone
                  | plates. (SH +4) [demonic ancestry]
   314 | D:1      | Reached XP level 2. HP: 21/24 MP: 2/2
   630 | D:1      | Found a faded altar of an unknown god.
  1075 | D:2      | Gained mutation: You are mostly covered in large bone
                  | plates. (SH +6) [demonic ancestry]
  1075 | D:2      | Reached XP level 3. HP: 29/29 MP: 3/3
  1483 | D:3      | Reached ** piety under Trog
  1784 | D:3      | Identified the +11 spear of Lurrit {drain, rF+++}
  1808 | D:3      | Gained mutation: You regenerate a little health from kills.
                  | [demonic ancestry]
  1808 | D:3      | Reached XP level 4. HP: 36/36 MP: 4/4
  1935 | D:3      | Found a large runed translucent door.
  1935 | D:3      | Found a large runed translucent door.
  1936 | D:3      | Found a shimmering altar of Xom.
  2031 | D:2      | Reached skill level 1 in Polearms
  2517 | D:4      | Reached XP level 5. HP: 42/42 MP: 5/5
  2603 | D:4      | Found a shimmering altar of Xom.
  2775 | D:4      | Found a radiant altar of Vehumet.
  2817 | D:4      | Reached skill level 2 in Polearms
  3149 | D:4      | Found a radiant altar of Vehumet.
  3260 | D:4      | Found a shimmering altar of Xom.
  3481 | D:5      | Entered Level 5 of the Dungeon
  3505 | D:5      | Noticed an ogre
  3509 | D:5      | Killed an ogre
  3510 | D:5      | Reached XP level 6. HP: 48/48 MP: 6/6
  3861 | D:5      | Reached *** piety under Trog
  3998 | D:5      | Found a shadowy altar of Dithmenos.
  4086 | D:5      | Reached skill level 3 in Polearms
  4411 | D:5      | Reached XP level 7. HP: 48/55 MP: 7/7
  4694 | D:6      | Reached skill level 4 in Polearms
  4894 | D:6      | Found Xaidaop's Tiny Tomes.
  4997 | D:6      | Found a staircase to the Ecumenical Temple.
  5092 | D:6      | Reached skill level 5 in Fighting
  5100 | D:6      | Gained mutation: You regenerate health from kills. [demonic
                  | ancestry]
  5100 | D:6      | Reached XP level 8. HP: 62/62 MP: 8/8
  5267 | D:6      | Reached skill level 5 in Polearms
  5441 | D:7      | Reached **** piety under Trog
  5574 | D:7      | Reached skill level 6 in Polearms
  5574 | D:7      | Reached skill level 5 in Armour
  5576 | D:7      | Reached skill level 5 in Dodging
  5662 | D:7      | Reached XP level 9. HP: 59/69 MP: 9/9
  5855 | D:7      | Found a hazy altar of Hepliaklqana.
  6177 | D:8      | Found a runed translucent gate.
  6177 | D:8      | Found a runed translucent gate.
  6177 | D:8      | Found a runed translucent gate.
  6177 | D:8      | Noticed a red ugly thing
  6178 | D:8      | Noticed a cyan ugly thing
  6178 | D:8      | Noticed a cyan ugly thing
  6178 | D:8      | Noticed a brown ugly thing
  6374 | D:8      | Reached skill level 7 in Polearms
  6455 | D:8      | Reached ***** piety under Trog
  6484 | D:8      | Found an iron altar of Okawaru.
  6844 | D:8      | Found a runed translucent door.
  6844 | D:8      | Found the +8 whip "Snakebite" {venom, curare, rPois}
  6923 | D:8      | Found a runed translucent gate.
  6923 | D:8      | Found a runed translucent gate.
  6923 | D:8      | Found a runed translucent gate.
  6923 | D:8      | Found a runed translucent gate.
  6923 | D:8      | Found a runed translucent gate.
  6923 | D:8      | Found a runed translucent gate.
  6923 | D:8      | Noticed a boulder beetle
  6923 | D:8      | Noticed a lindwurm
  6954 | D:8      | Killed a boulder beetle
  6955 | D:8      | Reached skill level 8 in Polearms
  6955 | D:8      | Gained mutation: You have a pair of small horns on your
                  | head. [demonic ancestry]
  6955 | D:8      | Reached XP level 10. HP: 67/79 MP: 10/10
  6992 | D:8      | Killed a lindwurm
  7008 | D:8      | Identified the ring of the Burgomaster {Fly Int+2 Dex+6
                  | SInv}
  7128 | D:9      | Received a gift from Trog
  7133 | D:9      | Found a basalt altar of Yredelemnul.
  7177 | D:9      | Found a flagged portal.
  7191 | Bailey   | Entered a bailey
  7440 | Bailey   | Noticed an orc knight
  7440 | Bailey   | Noticed an orc knight
  7446 | Bailey   | Killed an orc knight
  7447 | Bailey   | Reached skill level 9 in Polearms
  7447 | Bailey   | HP: 3/80 [orc knight/+0 glaive (39)]
  7455 | Bailey   | Killed an orc knight
  7652 | Bailey   | Reached skill level 12 in Polearms
  7652 | Bailey   | Reached XP level 11. HP: 86/86 MP: 11/11
  7822 | D:9      | Noticed Erica
  7873 | D:9      | Killed Erica
  7881 | D:9      | Noticed a two-headed ogre
  7885 | D:9      | Noticed a soul eater
  7887 | D:9      | Killed a two-headed ogre
  8157 | D:9      | Noticed Jeremiah
  8173 | D:9      | Killed Jeremiah
  8205 | D:9      | Received a gift from Trog
  8224 | D:9      | Identified a scroll of acquirement
  8224 | D:9      | Acquired the scarf of the Stars {repulsion, rPois rN++
                  | Str-2 Stlth+}
  8415 | D:10     | Entered Level 10 of the Dungeon
  8588 | D:10     | Reached XP level 12. HP: 92/94 MP: 12/12
  8729 | D:10     | Noticed a seven-headed hydra
  8739 | D:10     | Killed a seven-headed hydra
  8740 | D:10     | Reached skill level 1 in Shields
  8855 | D:10     | Found a shimmering blue altar of Sif Muna.
  9257 | D:11     | Found a staircase to the Orcish Mines.
  9346 | D:11     | Found a staircase to the Lair.
  9935 | D:11     | Noticed Erolcha
  9942 | D:11     | Killed Erolcha
  9969 | D:11     | Noticed Grum
  9984 | D:11     | Killed Grum
 10138 | D:12     | Reached skill level 13 in Polearms
 10235 | D:12     | Received a gift from Trog
 10620 | D:13     | Noticed a centaur warrior
 10647 | D:13     | Noticed a catoblepas
 10868 | Lair:1   | Entered Level 1 of the Lair of Beasts
 10990 | Lair:1   | Noticed a death yak
 10991 | Lair:1   | Noticed a death yak
 10991 | Lair:1   | Noticed a death yak
 10992 | Lair:1   | Noticed a death yak
 11008 | Lair:1   | Killed a death yak
 11019 | Lair:1   | Killed a death yak
 11036 | Lair:1   | Killed a death yak
 11037 | Lair:1   | Killed a death yak
 11038 | Lair:1   | Reached skill level 5 in Shields
 11038 | Lair:1   | Gained mutation: You sometimes gain a little power by
                  | taking damage. [demonic ancestry]
 11038 | Lair:1   | Reached XP level 13. HP: 69/101 MP: 13/13
 11907 | Lair:1   | Identified the +7 morningstar "Wusiutza" {drain, rPois rN+
                  | Str+3 Dex+3}
 12495 | Lair:2   | Identified the +1 pair of boots of Negation {Will+}
 12495 | Lair:2   | Noticed Fannar
 12513 | Lair:2   | Killed Fannar
 13185 | Lair:3   | Found a hole to the Spider Nest.
 13223 | Spider:1 | Entered Level 1 of the Spider Nest
 13250 | Spider:1 | Reached skill level 14 in Polearms
 13648 | Spider:1 | Reached skill level 10 in Fighting
 13788 | Spider:1 | Noticed a ghost moth
 13797 | Spider:1 | Killed a ghost moth
 14318 | Spider:1 | Received a gift from Trog
 14764 | Spider:1 | HP: 4/156 [tarantella (17)]
 15002 | Spider:1 | Reached XP level 14. HP: 106/111 MP: 14/14
 15254 | Spider:1 | Noticed an emperor scorpion
 15271 | Spider:1 | Killed an emperor scorpion
 16168 | Spider:2 | Reached skill level 15 in Polearms
 16205 | Spider:2 | Noticed Mlioglotl
 16213 | Spider:2 | Noticed a profane servitor
 16220 | Spider:2 | Killed Mlioglotl
 16341 | Spider:2 | Noticed an emperor scorpion
 16342 | Spider:2 | Noticed an emperor scorpion
 16377 | Spider:2 | Killed an emperor scorpion
 16378 | Spider:2 | HP: 8/166 [emperor scorpion (1)]
 16383 | Spider:2 | HP: 6/166 [poisoned by an emperor scorpion]
 16403 | Spider:2 | Killed an emperor scorpion
 16430 | Spider:2 | Noticed an emperor scorpion
 16456 | Spider:2 | Killed an emperor scorpion
 16505 | Spider:2 | Reached skill level 10 in Armour
 16517 | Spider:2 | Noticed an emperor scorpion
 16534 | Spider:2 | Killed an emperor scorpion
 16745 | Spider:2 | Reached skill level 10 in Dodging
 17063 | Spider:3 | Reached XP level 15. HP: 119/119 MP: 15/15
 17362 | Spider:3 | Noticed Roxanne
 17556 | Spider:3 | Killed Roxanne
 18129 | Spider:3 | Noticed Bai Suzhen
 18154 | Spider:3 | Killed Bai Suzhen
 18155 | Spider:3 | Reached skill level 10 in Shields
 18265 | Spider:3 | Found the +2 ratskin cloak {*Rats rPois rN+ Str-1 Int-1
                  | Dex+1}
 18546 | Spider:3 | Reached skill level 16 in Polearms
 18650 | Spider:4 | Entered Level 4 of the Spider Nest
 18818 | Spider:4 | Noticed an emperor scorpion
 18935 | Spider:3 | Received a gift from Trog
 19125 | Spider:3 | Killed an emperor scorpion
 19141 | Spider:3 | Gained mutation: Potions are less effective at restoring
                  | your health. [mutagenic glow]
 19837 | Spider:3 | Gained mutation: You have a pair of horns on your head.
                  | [demonic ancestry]
 19837 | Spider:3 | Reached XP level 16. HP: 127/127 MP: 16/16
 20172 | Spider:4 | Received a gift from Trog
 20696 | Spider:4 | Got a gossamer rune of Zot
 21040 | Lair:3   | Found a staircase to the Swamp.
 21561 | Lair:4   | Identified the +2 whip "Ziolulam" {freeze, Will+ SInv}
 21572 | Lair:4   | Found a dark tunnel.
 21579 | Volcano  | Entered a volcano
 21867 | Volcano  | Found a bloodstained altar of Trog.
 22741 | Lair:5   | Entered Level 5 of the Lair of Beasts
 22843 | Lair:5   | Reached skill level 17 in Polearms
 22987 | Lair:5   | Found a staircase to the Slime Pits.
 23110 | Lair:5   | Received a gift from Trog
 23509 | Lair:5   | Found a large runed translucent door.
 23512 | Lair:5   | Found a large runed translucent door.
 24120 | Swamp:1  | Entered Level 1 of the Swamp
 24925 | Swamp:2  | Reached XP level 17. HP: 111/135 MP: 17/17
 25070 | Swamp:2  | Noticed Jorgrun
 25082 | Swamp:2  | Killed Jorgrun
 25897 | Swamp:3  | Paralysed by a fenstrider witch for 5 turns
 26759 | Swamp:4  | Entered Level 4 of the Swamp
 26779 | Swamp:4  | Received a gift from Trog
 27823 | Swamp:4  | Got a decaying rune of Zot
 28016 | Orc:1    | Entered Level 1 of the Orcish Mines
 28030 | Orc:1    | Received a gift from Trog
 28060 | Orc:1    | Found Jaoheasa's Antique Weapon Emporium.
 28230 | Orc:2    | Entered Level 2 of the Orcish Mines
 28343 | Orc:2    | Noticed Sonja
 28352 | Orc:2    | Killed Sonja
 28448 | Orc:2    | Reached ****** piety under Trog
 28449 | Orc:2    | Paralysed by an ogre mage for 4 turns
 28458 | Orc:2    | Reached skill level 18 in Polearms
 28516 | Orc:2    | Found Zitid's Magic Scroll Shop.
 28522 | Orc:2    | Bought a scroll of teleportation for 39 gold pieces
 28522 | Orc:2    | Bought a scroll of enchant armour for 97 gold pieces
 28522 | Orc:2    | Bought a scroll of teleportation for 39 gold pieces
 28522 | Orc:2    | Bought a scroll of blinking for 97 gold pieces
 28567 | Orc:2    | Received a gift from Trog
 28586 | Orc:2    | Found Gekoisch's Antique Weapon Shop.
 28994 | Orc:2    | Gained mutation: You have a pair of large horns on your
                  | head. [demonic ancestry]
 28994 | Orc:2    | Reached XP level 18. HP: 147/147 MP: 18/18
 29042 | Orc:2    | Found a staircase to the Elven Halls.
 29077 | Orc:1    | Noticed Harold
 29084 | Orc:1    | Found a runed translucent gate.
 29084 | Orc:1    | Found a runed translucent gate.
 29084 | Orc:1    | Found a runed translucent gate.
 29091 | Orc:1    | Killed Harold
 29101 | Orc:1    | Noticed totrandom's ghost (journeyman OnGl)
 29241 | Orc:1    | Killed totrandom's ghost
 29406 | Orc:2    | Found Pege's Weapon Boutique.
 29487 | Elf:1    | Entered Level 1 of the Elven Halls
 29510 | Elf:1    | HP: 4/144 [ghostly deep elf death mage/vampiric draining
                  | (19)]
 29510 | Elf:1    | Killed from afar by a deep elf zephyrmancer

Illustrated notes

Levels and vault maps discovered:
D:1:      spicycebolla_arrival_risky_transporter, layout_basic,
          shapermc_ecumenical_altar_venn
D:2:      minmay_general_purpose_star, layout_loops_cross, serial_park_tiny_1
D:3:      due_chaos_kobolds, layout_rooms, kennysheep_crisscross
D:4:      layout_gridville, nicolae_vehumet_radiance, lemuel_tele_altar
D:5:      layout_basic, lemuel_coloured_pillars_altar, kennysheep_cross_room
D:6:      layout_loops_ring, minmay_temple_entry_nine_rooms,
          serial_library_regret_index_multi,
          nicolae_shop_i_like_small_books_too,
          serial_library_regret_index_headful
D:7:      layout_loops_ring, nicolae_hepliaklqana_monster_ancestors,
          st_stairs_7, nicolae_the_louvre
D:8:      gammafunk_indiana_jones, layout_loops_ring,
          mainiacjoe_overflow_boulevard,
          ploomutoo_gammafunk_ghost_potion_laboratory
D:9:      layout_basic, mainiacjoe_overflow_alcove_1,
          lightli_bailey_entry_fortress, chequers_serial_rivers_micro_a,
          uniq_jeremiah, uniq_erica
D:10:     layout_basic, tgw_sif
D:11:     layout_rooms, lair_entry_dummy, orc_0_dummy, serial_curves,
          eino_curves_03, eino_curves_04, eino_curves_01, eino_curves_03,
          roderic_lattice_a, uniq_erolcha, uniq_grum
D:12:     layout_rooms
D:13:     cheibrodos_tormentor_scu, layout_cave_pools, minmay_misc_feat_iff,
          evilmike_minifort, uniq_nessos
Lair:1:   statuecave_lemuel, layout_loops_ring
Lair:2:   layout_long_grid, minivault_23, uniq_fannar
Lair:3:   layout_gridlike, swamp_mist, spider_nest_entry_a, lemuel_fruit_tree,
          infiniplex_staircase_pool_2
Lair:4:   layout_misc_corridors, enter_volcano_2, st_stairs_9, worms_lemuel
Lair:5:   cheibrodos_lair_end_hotspot, layout_gridlike,
          dpeg_slime_entry_enclosed
Swamp:1:  layout_falls_marsh, evilmike_swamp_ruin_rubble_2
Swamp:2:  layout_falls_marsh, nicolae_swamp_round_clearing, swamp_pool_3,
          nicolae_swamp_decorative_isthmus, nicolae_swamp_tree_isthmus,
          uniq_jorgrun
Swamp:3:  layout_falls_marsh, hangedman_swamp_cone, swamp_pool_4
Swamp:4:  swamp_alternative, layout_basic_swamp, swamp_pool_1_2,
          nicolae_swamp_spooky_pond
Spider:1: layout_chambers, guppyfry_spider_mini_2
Spider:2: spiders_nest_a, nicolae_spider_bzzzt, uniq_mlioglotl
Spider:3: layout_spider_delve, hangedman_stitches_earthworm, uniq_roxanne,
          uniq_bai_suzhen
Spider:4: hellmonk_spider_rune_bug_friends, spiders_nest_hornet_nest
Orc:1:    layout_caves, gammafunk_ghost_necromancy, serial_shops,
          nicolae_shop_trees, uniq_harold
Orc:2:    st_orc_town, layout_caves, uniq_sonja
Elf:1:    minmay_elf_arrival_plus, layout_loops_corners, serial_shops, shop,
          hangedman_elf_represent, hangedman_research_probablistics

Skill      XL: |  1  2  3  4  5  6  7  8  9 10 11 12 13 14 15 16 17 |
---------------+----------------------------------------------------+-----
Armour         | 2 3 4 5 6 7 8 9 10 11 12 | 12.6
Dodging        | 2 3 4 5 6 7 8 9 10 11 12 | 12.4
Maces & Flails | 3 |  3.1
Polearms       | 1 2 3 4 6 8 12 13 14 15 16 17 18 | 18.0
Fighting       | 4 5 6 7 8 9 10 11 12 14 | 14.6
Shields        | 5 7 9 11 12 | 12.8

Action                     |  1- 3 |  4- 6 |  7- 9 | 10-12 | 13-15 | 16-18 || total
---------------------------+-------+-------+-------+-------+-------+-------++-------
  Melee: Mace              |    95 |       |       |       |       |       ||    95
         Punch             |     1 |       |     1 |       |       |     5 ||     7
         Morningstar       |    49 |       |       |       |       |       ||    49
         Spear             |     2 |    89 |   292 |   558 |  1716 |   999 ||  3656
         Headbutt          |       |       |       |    80 |   456 |   362 ||   898
         Bardiche          |       |       |       |       |       |   554 ||   554
 Invoke: Brothers in Arms  |       |       |       |     2 |     5 |     2 ||     9
         Trog's Hand       |       |       |       |     2 |     4 |     2 ||     8
         Berserk           |       |       |       |     2 |    16 |     3 ||    21
  Evoke: Wand              |       |       |       |       |       |     5 ||     5
    Use: Scroll            |     4 |    14 |     3 |     4 |     3 |     9 ||    37
         Potion            |       |     3 |     2 |     1 |     3 |       ||     9
   Stab: Distracted        |       |       |       |       |     3 |     4 ||     7
 Armour: Animal skin       |    27 |       |       |       |       |       ||    27
         Ring mail         |    10 |     8 |       |       |       |       ||    18
         Scale mail        |    54 |     6 |       |       |       |       ||    60
         Chain mail        |       |       |    89 |    26 |       |       ||   115
         Plate armour      |       |       |       |   124 |   903 |   771 ||  1798
  Dodge: Dodged            |    76 |    35 |   100 |   193 |   760 |   765 ||  1929
         Repelled          |       |       |       |       |     6 |       ||     6
  Block: Other             |    35 |    13 |    45 |    42 |       |   301 ||   436
         Kite shield       |       |       |       |   132 |    78 |       ||   210
         Buckler           |       |       |       |     8 |       |       ||     8
         Tower shield      |       |       |       |       |  2191 |   601 ||  2792
         Reflection        |       |       |       |       |       |    17 ||    17

Table legend: (Time is in decaauts)
 A = Elapsed time spent in this place.
 B = Non-inter-level travel time spent in this place.
 C = Inter-level travel time spent in this place.
 D = Time resting spent in this place.
 E = Time spent auto-exploring this place.
 F = Levels seen in this place.
 G = Mean time per level.
                   A        B        C        D        E       F      G
               +--------+--------+--------+--------+--------+-----+--------+
         Total |  28596 |  27185 |   1411 |   2340 |  18734 |  31 |  922.5 |
       Dungeon |  10269 |   9723 |    546 |    540 |   7424 |  13 |  789.9 |
          Lair |   5175 |   4887 |    288 |    500 |   3564 |   5 | 1035.0 |
         Swamp |   3463 |   3303 |    160 |     10 |   2581 |   4 |  865.8 |
   Spider Nest |   7332 |   7027 |    305 |   1238 |   3835 |   4 | 1833.0 |
  Orcish Mines |   1472 |   1362 |    110 |     50 |    829 |   2 |  736.0 |
   Elven Halls |     22 |     22 |      0 |      0 |      0 |   1 |   22.0 |
        Bailey |    439 |    439 |      0 |      0 |    225 |   1 |  439.0 |
       Volcano |    421 |    421 |      0 |      0 |    274 |   1 |  421.0 |
               +--------+--------+--------+--------+--------+-----+--------+

Top non-repeatable levels by time:
Spider:1: 2573 daAuts
Spider:3: 2452 daAuts
  Lair:5: 1230 daAuts
  Lair:1: 1225 daAuts
Spider:4: 1191 daAuts
     D:5: 1142 daAuts
Spider:2: 1114 daAuts
 Swamp:4: 1052 daAuts
  Lair:3: 1034 daAuts
     D:4: 1011 daAuts
     D:8: 1010 daAuts
 Swamp:2: 973 daAuts
     D:1: 949 daAuts
 Swamp:3: 904 daAuts
  Lair:2: 902 daAuts
